Loopy, chaotic male elven Ranger -------------------------------- ------------ |..............................| |...........##########|...--------.......-----------.| |..........| #|...|+.+|(.|------.|..|.(.| +.| |.........<| #|...|.++|........|.|..|((.| |.| |..........| #|...|...||-|.._..|.-|-|(..|---..########### -.--|-|--|-- #|...-|---%.|.....|....--|--....| # -------- ##` #|..........|.....|.............| ### .......| u|........{@---|---.{...........| #........| @-....i.....@...................| ### ......>| #d`|...--|--...........-+--|---...| # -------- @ *|...|...|-------.---| |...|...| ### ### #|...|.((| |%%.-.-*.| |.!?|...| # # #|...|...| |%%.|.|..|--|%!I|...| ### +#### #|...-----+------.----..-----...| # #|..............................| ##` #-------------------------------- # ###################################### Loopy the Lookout Experience level: 5 Strength: 18 Dexterity: 11 Constitution: 16 Intelligence: 13 Wisdom: 13 Charisma: 7 Health: 0(43) Energy: 35(35) Def: 14 Gold: 0 Moves: 2953 Dungeon seed: wH7POFeASfcazpTd Game ID: Loopy_1631702344 Your Inventory: Weapons d - an uncursed +1 elven dagger (alternate weapon; not wielded) e - a blessed +1 elven bow (weapon in hand) M - 50 uncursed +2 elven arrows O - 34 uncursed +0 elven arrows Q - 25 uncursed +0 arrows (in quiver) Armor q - an uncursed +0 elven mithril-coat (being worn) u - an uncursed +2 elven cloak (being worn) W - an uncursed +0 pair of iron shoes (being worn) Y - an uncursed +0 dwarvish iron helm (being worn) Comestibles f - 4 uncursed lembas wafers j - an uncursed lichen corpse Scrolls g - an uncursed scroll of destroy armor Tools b - an uncursed sack l - an uncursed oil lamp (0:1095) m - an uncursed blindfold s - an uncursed stethoscope w - an uncursed tin whistle H - an uncursed mirror Contents of the sack: an uncursed ring of protection from shape changers an uncursed ring of stealth an uncursed +0 pick-axe an uncursed amber stone an uncursed black opal 2 uncursed fluorite stones an uncursed worthless piece of orange glass an uncursed worthless piece of red glass an uncursed worthless piece of yellow glass 52 gold pieces Spells and supernatural/magical abilities: Name Level Category Cost Memory W - pray for help -- divine ? -- Your skills at the end: Fighting Skills wands [Basic] Weapon Skills dagger [Basic] bow [Basic] Spellcasting Skills Final Attributes: You were piously aligned. You were immune to sleep. You saw invisible. You were telepathic. You had automatic searching. You had infravision. You were stealthy. You were protected. Mars was noncommittal. You are dead. Vanquished creatures: a large mimic 2 small mimics a dwarf king a gnome mummy a yellow light a shrieker 3 gnome lords 2 gnomish wizards a gray ooze a ghoul a giant ant a floating eye 5 dwarves a kobold lord a kobold shaman 3 rothes a giant bat an iguana an acid blob a gas spore a hobbit 4 giant rats a brown mold 2 yellow molds 18 gnomes 4 geckos 2 jackals 2 foxes 2 kobolds 2 grid bugs a bat 7 lichens a kobold zombie 2 newts 79 creatures vanquished. Voluntary challenges: You had been an atheist until turn 2212. You used a wielded weapon 21 times, starting on turn 871. You were illiterate. You never genocided any monsters. You never polymorphed an object. You never changed form. You used no wishes. You never split a pudding. You never wrote Elbereth's name. You never violated your personal moral code. Dungeon overview: The Dungeons of Doom: levels 1 to 5 Level 1 a fountain, a vault a long staircase Level 2 Level 3 a fountain, a sink, a vault Level 4 stairs to The Gnomish Mines Level 5 The Gnomish Mines: levels 5 to 7 Level 5 stairs to The Dungeons of Doom Level 6 Level 7 <- You were here many shops, a temple to Venus, some fountains History has recorded: On T:1 you entered the Dungeons of Doom to retrieve the Amulet of Yendor! On T:190 you reached level 2 of The Dungeons of Doom. On T:391 you reached level 3 of The Dungeons of Doom. On T:1189 you reached level 4 of The Dungeons of Doom. On T:1337 you reached level 1 of The Gnomish Mines. On T:1485 you reached level 5 of The Dungeons of Doom. On T:1827 you reached level 2 of The Gnomish Mines. On T:2115 you reached level 3 of The Gnomish Mines. On T:2305 you advanced to experience level 2. On T:2366 you advanced to experience level 3. On T:2479 you advanced to experience level 4. On T:2695 you advanced to experience level 5. Score breakdown: Gold: 52 ( 5865 points) Experience: 5 levels (11141 points) Exploration: 7 levels ( 13.46%) (10289 points) Discoveries: 4 items ( 1.36%) ( 3493 points) Valuables value: (no points given unless you survive) Artifact value: 0 ( 0 points) Variety of kills: 34 monsters ( 8.95%) ( 8973 points) Turncount: 2953 turns ( -576 points) Survival: died (score multiplied by 80%) Total score: 31348 Latest messages: The white unicorn butts! The white unicorn misses. The white unicorn just misses! The white unicorn misses. The arrow hits the white unicorn. The white unicorn butts! The white unicorn kicks! The white unicorn butts! The white unicorn kicks! The arrow hits the white unicorn. The white unicorn misses. The white unicorn kicks! The white unicorn butts! The white unicorn kicks! The arrow misses the white unicorn. The white unicorn misses. (3x) The white unicorn kicks! You shoot 2 arrows. The 1st arrow hits the white unicorn. The 2nd arrow hits the white unicorn! The white unicorn butts! You die... Final status: Goodbye Loopy the Ranger, killed by a white unicorn... You died in The Gnomish Mines on dungeon level 7 with 31348 points, and 52 pieces of gold, after 2953 moves. You were level 5 with a maximum of 43 hit points when you died.